 Dungeon Crawl Stone Soup version 0.30-a0-469-g84de5afbc5 (webtiles) character file.

Game seed: 3839186429844296642

55 ryw the Chopper (level 3, -1/33 HPs)
             Began as a Hill Orc Berserker on Dec 19, 2022.
             Was a Believer of Trog.
             Slain by an orc
             ... wielding a +0 flail
              (7 damage)
             ... on level 2 of the Dungeon.
             The game lasted 00:01:41 (1466 turns).

ryw the Chopper (Hill Orc Berserker)                Turns: 1466, Time: 00:01:41

Health: -1/33      AC:  9    Str: 21    XL:     3   Next: 93%
Magic:  3/3        EV:  8    Int:  7    God:    Trog [**....]
Gold:   97         SH:  0    Dex: 10    Spells: 2/2 levels left

rFire   . . .      SeeInvis .    a - +0 hand axe
rCold   . . .      Faith    .    (no shield)
rNeg    . . .      Spirit   .    d - +0 chain mail
rPois   .          Reflect  .    (no helmet)
rElec   .          Harm     .    (no cloak)
rCorr   .          Rampage  .    (no gloves)
Will    .....                    (no boots)
Stlth   ..........               (no amulet)
HPRegen 0.25/turn                (no ring)
MPRegen 0.08/turn                (no ring)

@: no status effects
A: no striking features
a: Renounce Religion, Berserk, Trog's Hand


You were on level 2 of the Dungeon.
You worshipped Trog.
Trog was pleased with you.
You visited 1 branch of the dungeon, and saw 3 of its levels.

You collected 97 gold pieces.

Inventory:

Hand Weapons
 a - a +0 hand axe (weapon)
Armour
 d - a +0 chain mail (worn)
Scrolls
 l - a scroll of amnesia {unknown}
 m - a scroll of vulnerability {unknown}
Potions
 b - a potion of ambrosia
 c - a potion of mutation {unknown}
 e - a potion of brilliance {unknown}
 f - a potion of curing
 i - 2 potions of flight {unknown}
 k - a potion of attraction {unknown}


   Skills:
 + Level 4.2 Fighting
 + Level 4.6 Axes
 + Level 2.9 Armour
 + Level 2.2 Dodging


You had 2 spell levels left.
You didn't know any spells.
Your spell library was empty.

Dungeon Overview and Level Annotations

Branches:
Dungeon (3/15)

Altars:

Annotations:
D:3 Robin


Message History

The orc is moderately wounded.
You barely miss something.
The hobgoblin shouts!
You hear a shout!
The orc closely misses you.
You hear some strange, mumbled words.
A magic dart appears from out of thin air!
The magic dart hits you.
Robin of the Strong Arm comes into view.
They are wielding a +0 club.
You closely miss the orc.
The orc is moderately wounded.
You hit something. The orc hits you with a +0 flail.
Something hits you but does no damage. The orc attacks as you move away!
The orc hits you with a +0 flail.
A kobold comes into view. It is wielding a +0 short sword.
Something hits you. Something hits you but does no damage.
The orc attacks as you move away! The orc hits you with a +0 flail!
The orc attacks as you move away! The orc hits you with a +0 flail.
* * * LOW HITPOINT WARNING * * *
You see here a scroll of identify.
Blink to where?
Press: ? - help, Dir - move target 2 goblins come into view.
As you read the scroll of blinking, it crumbles to dust.
The goblin shouts!
You hear a shout! x2
The orc hits you but does no damage.
A goblin comes into view. It is wielding a +0 dagger.
The goblin hits you but does no damage. The orc hits you but does no damage.
The orc hits you with a +0 flail.
* * * LOW HITPOINT WARNING * * *
The goblin barely misses you.
You climb upwards.
Reactivating autopickup.
There is a stone staircase leading down here.
Unknown command.
You closely miss the orc. You hit the goblin. You hit the orc but do no damage.
The orc closely misses you. The goblin hits you with a +0 dagger.
* * * LOW HITPOINT WARNING * * *
The orc hits you with a +0 flail!
You die...

#.#.#.#.#
#.#.#.#.#
#.#.#.#.#
#.#.#.#.#
#.#...#.#
#.#.#.#.#
#.#.#.#.#
#.#.###o#
##########.#...g@#
...........#####o#
##########.# #.#
### ###


You could see 2 orcs and a goblin.

Vanquished Creatures
  2 adders (D:2)
  3 ball pythons
  2 bats
  5 endoplasms
  4 giant cockroaches
  5 goblins
  A quokka (D:1)
  5 frilled lizards
  4 kobolds
  3 rats
34 creatures vanquished.

Notes
Turn   | Place    | Note
-------+----------+-------------------------------------------
     0 | D:1      | ryw the Hill Orc Berserker began the quest for the Orb.
     0 | D:1      | Reached XP level 1. HP: 19/19 MP: 1/1
   210 | D:1      | Reached XP level 2. HP: 27/27 MP: 2/2
   806 | D:2      | Reached XP level 3. HP: 27/33 MP: 3/3
   879 | D:2      | Reached ** piety under Trog
  1455 | D:3      | Noticed Robin
  1466 | D:2      | Slain by an orc

Illustrated notes

Levels and vault maps discovered:
D:1:      lemuel_arrival_rhombus, layout_loops_ring
D:2:      layout_basic, grunt_ministairs_2, eino_tiny_chamber
D:3:      layout_basic, mainiacjoe_overflow_chevrons,
          yredelemnul_forgotten_temple_becter, serial_shops,
          nicolae_shop_behind_doors, minivault_25, uniq_robin

Skill      XL: |  1  2 |
---------------+-------+-----
Fighting       | 4 |  4.2
Dodging        | 2 |  2.2
Axes           | |  4.6
Armour         | |  2.9

Action                   || total
-------------------------++-------
Melee: Hand axe          ||   142
  Use: Scroll            ||     4
Armor: Chain mail        ||    91
       Animal skin       ||     3
Dodge: Dodged            ||    80

Table legend: (Time is in decaauts)
 A = Elapsed time spent in this place.
 B = Non-inter-level travel time spent in this place.
 C = Inter-level travel time spent in this place.
 D = Time resting spent in this place.
 E = Time spent auto-exploring this place.
 F = Levels seen in this place.
 G = Mean time per level.
                   A        B        C        D        E       F      G
               +--------+--------+--------+--------+--------+-----+--------+
         Total |   1477 |   1373 |    104 |      0 |   1072 |   3 |  492.3 |
       Dungeon |   1477 |   1373 |    104 |      0 |   1072 |   3 |  492.3 |
               +--------+--------+--------+--------+--------+-----+--------+

Top non-repeatable levels by time:
     D:1: 765 daAuts
     D:2: 693 daAuts
     D:3: 19 daAuts
